 Dungeon Sprint DCSS version 0.18-a0-183-gad09a0e (webtiles) character file.

17230 Kidiri the Unseen (level 12, -2/63 HPs)
             Began as a Spriggan Enchanter on Nov 23, 2015.
             Was the Champion of Dithmenos.
             Killed from afar by a greater naga (44 damage)
             ... with a bolt of poison
             ... in the Dungeon (Sprint III: "The Ten Rune Challenge").
             The game lasted 00:17:35 (3662 turns).

Kidiri the Unseen (Spriggan Enchanter)              Turns: 3662, Time: 00:17:35

Health: -2/63      AC:  7    Str:  4    XL:     12   Next: 17%
Magic:  3/30       EV: 33    Int: 19    God:    Dithmenos [******]
Gold:   44         SH:  2    Dex: 19    Spells: 8 memorised, 7 levels left

rFire  . . .     SeeInvis +     a - +1 dagger
rCold  . . .     Clarity  .     b - +1 robe
rNeg   . . .     SustAt   .     (shield restricted)
rPois  .         Gourm    .     (helmet restricted)
rElec  .         Spirit   .     (no cloak)
rCorr  .         Warding  .     (gloves unavailable)
rMut   .         NoTele   +     (boots unavailable)
MR     ++...                    (no amulet)
Stlth  ++++++++++               (no ring)
                                (no ring)

@: lethally poisoned (-2 -> -19), wreathed by umbra, very quick, very resistant
to hostile enchantments, uncannily stealthy
A: unfitting armour, large bone plates 1, yellow scales 1, see invisible,
herbivore 3, speed 3, screaming 1, slow metabolism 2
a: Shadow Step, Shadow Form, Renounce Religion


You were in the Dungeon.
You worshipped Dithmenos.
Dithmenos was exalted by your worship.
You were not hungry.

You visited 1 branch You collected 44 gold pieces.

Inventory:

Hand Weapons
 a - a +1 dagger (weapon)
Missiles
 c - 10 throwing nets (quivered)
Armour
 b - a +1 robe (worn)
Wands
 t - a wand of confusion (32)
Scrolls
 j - a scroll of blinking
 l - a scroll of torment
 m - a scroll of identify {unknown}
 n - a scroll of recharging {unknown}
 q - 2 scrolls of remove curse
Potions
 f - a potion of heal wounds
 g - a potion of haste
 h - a potion of magic
 k - a potion of lignification {unknown}
 o - a potion of brilliance {unknown}
 p - a potion of resistance {unknown}
 s - 3 potions of cure mutation
Books
 i - a book of Enchantments

   Spells                             Type                      Level
   a - Cause Fear                     Hexes                        4
   b - Yara's Violent Unravelling     Hexes/Transmutation          5
   c - Silence                        Hexes/Air                    5
   d - Deflect Missiles               Charms/Air                   6
   e - Haste                          Charms                       6
   f - Discord                        Hexes                        8
Comestibles
 d - a bread ration
 r - 29 royal jellies
 u - 6 fruits


   Skills:
 + Level 7.0 Fighting
 * Level 12.6 Short Blades
 + Level 6.4 Armour
 * Level 15.9 Dodging
 * Level 17.5 Stealth
 * Level 13.6 Spellcasting
 + Level 5.6 Conjurations
 + Level 10.5 Hexes
 + Level 9.7 Charms
 + Level 9.7 Transmutations
 + Level 7.0 Ice Magic
 + Level 6.1 Air Magic
 - Level 2.1 Invocations


You had 7 spell levels left.
You knew the following spells:

 Your Spells              Type           Power        Failure   Level  Hunger
a - Corona                Hex            ######.      1%          1    None
b - Ensorcelled Hibernat  Hex/Ice        #####.       1%          2    None
c - Confuse               Hex            ######..     1%          3    None
d - Tukima's Dance        Hex            ######..     1%          3    None
e - Dazzling Spray        Conj/Hex       #####...     1%          3    None
f - Yara's Violent Unrav  Hex/Trmt       ######....   1%          5    ####...
g - Deflect Missiles      Chrm/Air       #####.....   34%         6    #####..
h - Discord               Hex            ######....   100%        8    #######


Dungeon Overview and Level Annotations

Branches:
Dungeon (1/1)

Altars:
Cheibriados
Dithmenos
Elyvilon
Fedhas
Gozag
Kikubaaqudgha
Makhleb
Nemelex Xobeh
Okawaru
Qazlal
Ru
Sif Muna
Trog
Vehumet
Xom
Yredelemnul
Zin
The Shining One
Jiyva
Lugonu

Shops:
D !=(


Innate Abilities, Weirdness & Mutations

You are tiny and cannot use many weapons and most armour.
You have supernaturally acute eyesight.
You are a herbivore.
You cover ground extremely quickly.
You need consume almost no food.
You are partially covered in large bone plates (AC +2, SH +2).
You are partially covered in yellow scales (AC +2).
You occasionally shout uncontrollably at your foes.


Message History

Your shadow completely misses the greater naga.
You barely miss the greater naga.
The greater naga is moderately wounded.
Your shadow closely misses the greater naga.
The greater naga casts a spell at you. The poison arrow misses you.
Casting: Confuse
Confirm with . or Enter, or press ? or * to list all spells.
Aiming: Dazzling Spray
Press: ? - help, Shift-Dir - straight line, f/p - greater naga
Aim: a greater naga, wielding a club and wearing a robe (moderately wounded, umbra)
The spray of energy hits the greater naga.
The greater naga is moderately wounded.
Your shadow mimicks your spell!
The shadow shard misses the greater naga.
The greater naga gestures at you while chanting.
The bolt of poison hits you!
You are poisoned.
Ouch! That really hurt!
You die...

###########..#
##...........#
#...%%.%...%##
#..##########
#..%........##
##......)%...#
##########).#
##..†.[......#
#∩.N@.).....##
#∩.##########
#∩ #


You could see a greater naga.

Vanquished Creatures
  Maud (D)
  A hydra (D)
  A naga warrior (D)
  Erolcha (D)
  4 anacondas (D)
  A death drake (D)
  A spriggan druid (D)
  A lindwurm (D)
  9 black mambas (D)
  2 spiny frogs (D)
  A guardian serpent (D)
  A komodo dragon (D)
  A deep elf priest (D)
  2 giant leeches (D)
  3 wandering mushrooms (D)
  A queen bee (D)
  A shadow (D)
  2 spriggans (D)
  2 trapdoor spiders (D)
  4 redbacks (D)
  2 hill giants (D)
  A naga (D)
  A spatial vortex (D)
  4 water moccasins (D)
  A necrophage (D)
  3 two-headed ogres (D)
  A water elemental (D)
  32 killer bees (D)
  A jelly (D)
  A necromancer (D)
  A wizard (D)
  A kobold demonologist (D)
  3 humans (D)
  7 adders (D)
  2 oozes (D)
  A phantom (D)
  2 rats (D)
104 creatures vanquished.

Vanquished Creatures (collateral kills)
  A naga (D)
1 creature vanquished.

Vanquished Creatures (others)
  2 draconian scorchers (D)
  A hydra (D)
  2 yaktaurs (D)
  An electric eel (D)
6 creatures vanquished.

Grand Total: 111 creatures vanquished

Notes
Turn   | Place    | Note
--------------------------------------------------------------
     0 | D        | Kidiri the Spriggan Enchanter began the quest for the Orb.
     0 | D        | Reached XP level 1. HP: 9/9 MP: 5/5
    17 | D        | Reached skill level 5 in Stealth
    17 | D        | Reached XP level 2. HP: 14/14 MP: 7/7
    28 | D        | Learned a level 2 spell: Ensorcelled Hibernation
    77 | D        | Reached skill level 1 in Fighting
    77 | D        | Reached skill level 5 in Dodging
    77 | D        | Reached skill level 6 in Stealth
    77 | D        | Reached XP level 3. HP: 18/18 MP: 6/9
    82 | D        | Learned a level 3 spell: Confuse
    86 | D        | Learned a level 3 spell: Dazzling Spray
   111 | D        | Noticed a water elemental
   113 | D        | Killed a water elemental
   113 | D        | Reached skill level 1 in Armour
   113 | D        | Reached skill level 7 in Stealth
   113 | D        | Reached skill level 1 in Ice Magic
   113 | D        | Reached XP level 4. HP: 22/22 MP: 9/11
   134 | D        | Noticed a shadow
   169 | D        | Killed a shadow
   169 | D        | Reached skill level 5 in Short Blades
   169 | D        | Reached skill level 8 in Dodging
   169 | D        | Reached skill level 9 in Stealth
   169 | D        | Reached skill level 5 in Hexes
   169 | D        | Reached XP level 5. HP: 24/27 MP: 4/15
   169 | D        | Reached XP level 6. HP: 28/32 MP: 4/16
   189 | D        | Killed a white draconian scorcher
   190 | D        | Killed a white draconian scorcher
   211 | D        | Killed a yaktaur
   293 | D        | Learned a level 3 spell: Tukima's Dance
   319 | D        | Found a stormy altar of Qazlal.
   319 | D        | Noticed a spatial vortex
   320 | D        | Killed a spatial vortex
   320 | D        | Reached skill level 10 in Stealth
   320 | D        | Reached skill level 1 in Conjurations
   321 | D        | Found a sacrificial altar of Ru.
   321 | D        | Found a burning altar of Makhleb.
   321 | D        | Found a viscous altar of Jiyva.
   321 | D        | Found a shimmering altar of Xom.
   321 | D        | Found a shadowy altar of Dithmenos.
   321 | D        | Found a sparkling altar of Nemelex Xobeh.
   321 | D        | Found a corrupted altar of Lugonu.
   321 | D        | Found an opulent altar of Gozag.
   325 | D        | Became a worshipper of Dithmenos the Shadowed
   350 | D        | Found a radiant altar of Vehumet.
   351 | D        | Found a deep blue altar of Sif Muna.
   351 | D        | Found an ancient bone altar of Kikubaaqudgha.
   354 | D        | Reached * piety under Dithmenos
   367 | D        | Learned a level 5 spell: Yara's Violent Unravelling
   375 | D        | Found a glowing silver altar of Zin.
   376 | D        | Found a glowing golden altar of the Shining One.
   376 | D        | Found a white marble altar of Elyvilon.
   376 | D        | Noticed a deep elf priest
   378 | D        | Killed a deep elf priest
   378 | D        | Reached skill level 10 in Dodging
   378 | D        | Reached skill level 11 in Stealth
   378 | D        | Reached skill level 1 in Invocations
   378 | D        | Reached XP level 7. HP: 36/36 MP: 17/19
   390 | D        | Found an iron altar of Okawaru.
   391 | D        | Found a bloodstained altar of Trog.
   391 | D        | Noticed a human
   391 | D        | Noticed a human
   398 | D        | Killed a human
   403 | D        | Killed a human
   403 | D        | Reached ** piety under Dithmenos
   419 | D        | Learned a level 6 spell: Deflect Missiles
   450 | D        | Found a snail-covered altar of Cheibriados.
   451 | D        | Found a basalt altar of Yredelemnul.
   451 | D        | Found a blossoming altar of Fedhas.
   452 | D        | Reached XP level 8. HP: 42/42 MP: 21/21
   461 | D        | Gained mutation: Your spells are a little easier to cast, but a little less powerful. [potion of mutation]
   461 | D        | Gained mutation: You are dopey. (Int -2) [potion of mutation]
   461 | D        | Lost mutation: Your spells are a little easier to cast, but a little less powerful. [potion of mutation]
   462 | D        | Lost mutation: You are dopey. (Int -2) [potion of cure mutation]
   463 | D        | Gained mutation: You are partially covered in yellow scales (AC +2). [potion of mutation]
   463 | D        | Gained mutation: You are partially covered in large bone plates (AC +2, SH +2). [potion of mutation]
   463 | D        | Gained mutation: You occasionally shout uncontrollably at your foes. [potion of mutation]
   624 | D        | Reached skill level 1 in Charms
   630 | D        | Reached *** piety under Dithmenos
   630 | D        | Reached skill level 12 in Stealth
   630 | D        | Reached skill level 1 in Air Magic
   648 | D        | Noticed Erolcha
   660 | D        | Killed Erolcha
   660 | D        | Reached XP level 9. HP: 39/46 MP: 17/23
   720 | D        | Reached skill level 13 in Stealth
   732 | D        | Reached **** piety under Dithmenos
   732 | D        | Reached skill level 10 in Spellcasting
  1032 | D        | Killed a yaktaur
  1089 | D        | Reached skill level 5 in Transmutations
  1364 | D        | Reached ***** piety under Dithmenos
  1371 | D        | Reached skill level 5 in Charms
  1581 | D        | Reached skill level 5 in Fighting
  1581 | D        | Reached skill level 5 in Ice Magic
  1585 | D        | Reached skill level 14 in Stealth
  1595 | D        | Reached ****** piety under Dithmenos
  1768 | D        | Reached XP level 10. HP: 51/51 MP: 0/25
  2176 | D        | Reached skill level 10 in Short Blades
  2182 | D        | Reached skill level 5 in Armour
  2305 | D        | Noticed a lindwurm
  2309 | D        | Reached skill level 15 in Stealth
  2311 | D        | Killed a lindwurm
  2319 | D        | Noticed Maud
  2323 | D        | Killed Maud
  2323 | D        | Reached XP level 11. HP: 56/56 MP: 18/28
  2380 | D        | Learned a level 8 spell: Discord
  2382 | D        | Noticed a five-headed hydra
  2382 | D        | Noticed a four-headed hydra
  2390 | D        | Killed a five-headed hydra
  2407 | D        | Killed a four-headed hydra
  2461 | D        | Noticed a death drake
  2467 | D        | Killed a death drake
  2685 | D        | Found a blossoming altar of Fedhas.
  2685 | D        | Noticed a spriggan druid
  2702 | D        | Killed a spriggan druid
  2702 | D        | Reached skill level 16 in Stealth
  2705 | D        | Reached skill level 5 in Air Magic
  2873 | D        | Noticed an anaconda
  2879 | D        | Killed an anaconda
  2881 | D        | Reached skill level 5 in Conjurations
  2889 | D        | Reached skill level 15 in Dodging
  3158 | D        | Reached skill level 10 in Hexes
  3210 | D        | Noticed an anaconda
  3210 | D        | Noticed an anaconda
  3214 | D        | Killed an anaconda
  3217 | D        | Killed an anaconda
  3217 | D        | Reached skill level 17 in Stealth
  3302 | D        | Noticed an anaconda
  3313 | D        | Reached XP level 12. HP: 62/62 MP: 7/30
  3315 | D        | Killed an anaconda
  3433 | D        | Noticed a naga warrior
  3433 | D        | Noticed a greater naga
  3433 | D        | Found Tenuyf's Distillery.
  3433 | D        | Found Lipixood's Jewellery Shoppe.
  3561 | D        | Killed a naga warrior
  3649 | D        | Found Qeigak's Antique Weapon Boutique.
  3662 | D        | Killed from afar by a greater naga

Vault maps used:
D:        dungeon_sprint_mu

Action                   |  1- 3 |  4- 6 |  7- 9 | 10-12 || total
-------------------------+-------+-------+-------+-------++-------
Melee: Dagger            |    14 |    18 |    62 |    81 ||   175
 Cast: Ensorcelled Hiber |     1 |       |    31 |    46 ||    78
       Dazzling Spray    |       |     3 |    25 |    43 ||    71
       Yara's Violent Un |       |       |     3 |       ||     3
       Confuse           |       |       |     1 |     2 ||     3
       Tukima's Dance    |       |       |       |     4 ||     4
Invok: Shadow Step       |       |       |       |     6 ||     6
  Use: Potion            |       |     1 |     4 |     2 ||     7
       Scroll            |       |       |     2 |       ||     2
 Stab: Sleeping          |     6 |     5 |    20 |    35 ||    66
       Invisible         |       |       |     8 |     4 ||    12
       Confused          |       |       |     1 |       ||     1
       Held in net/web   |       |       |     1 |       ||     1
       Distracted        |       |       |       |     1 ||     1
  Eat: Bread ration      |       |       |       |     1 ||     1
